Cogmind - Beta 16 @@@ ROGUE MODE // 2025.12.07 @ 14:08:24 Player: PopcornMaze Result: Self-destructed Performance ------------- Evolutions (2) 1000 Regions Visited (5) 1000 Robots Destroyed (22) 110 Value Destroyed (645) 645 Prototype IDs (23) 460 Alien Tech Used (0) 0 Bonus (300) 300 TOTAL SCORE: 3515 Bonus ------- Aligned with FarCom 300 Cogmind --------- Core Integrity 341/550 Matter 69/300 Energy 11/100 System Corruption 7% Temperature Warm (153) Movement Rolling (115) Ox1 Location -8/Materials Parts ------- > --- POWER (2) -------- (None) > --- PROPULSION (2) --- Compact Wheel > --- UTILITY (5) ------ Large Storage Unit Improved Targeting Computer > --- WEAPON (2) ------- Heavy Laser > --- INVENTORY (15) --- Latent Energy Streamer Heavy Ion Cannon Heavy Ion Cannon Datajack Peak State ------------ > --- POWER ------------ Ion Engine Light Nuclear Core > --- PROPULSION ------- Light Treads Light Treads > --- UTILITY ---------- Large Storage Unit Improved Targeting Computer > --- WEAPON ----------- Latent Energy Streamer Heavy Ion Cannon > --- INVENTORY -------- Compact Wheel Improved Targeting Computer Heavy Ion Cannon Heavy Ion Cannon Heavy Ion Cannon Grenade Launcher Datajack [Rating: 24] Favorites ----------- Power Light Nuclear Core Engine Ion Engine Power Core Light Nuclear Core Propulsion Light Treads Treads Light Treads Wheel Compact Wheel Utility Improved Targeting Computer Device Seismic Detector Storage Large Storage Unit Processor Improved Targeting Computer Weapon Assault Rifle Energy Gun Heavy Laser Energy Cannon Heavy Ion Cannon Ballistic Gun Assault Rifle Launcher Grenade Launcher Build | -11 -10 -10 -10 -9 -8 ------- Run | Yrd Mat Min Exi Min Mat Slots Evolved 4 | . . . . . 4 Power 1 | . . . . . 1 Propulsion . | . . . . . . Utility 3 | . . . . . 3 Weapon . | . . . . . . Parts Attached 21 | 6 6 . . . 9 Power 3 | 1 1 . . . 1 Engine 2 | 1 . . . . 1 Core 1 | . 1 . . . . Reactor . | . . . . . . Propulsion 3 | 2 . . . . 1 Treads 2 | 2 . . . . . Leg . | . . . . . . Wheel 1 | . . . . . 1 Hover . | . . . . . . Flight . | . . . . . . Utility 6 | 1 4 . . . 1 Device 1 | . 1 . . . . Storage 3 | 1 2 . . . . Processor 2 | . 1 . . . 1 Hackware . | . . . . . . Protection . | . . . . . . Artifact . | . . . . . . Weapon 9 | 2 1 . . . 6 Energy Gun 1 | . . . . . 1 Energy Cannon 5 | . . . . . 5 Ballistic Gun 2 | 2 . . . . . Ballistic Cannon . | . . . . . . Launcher 1 | . 1 . . . . Special Weapon . | . . . . . . Impact Weapon . | . . . . . . Slashing Weapon . | . . . . . . Piercing Weapon . | . . . . . . Special Melee Weapon . | . . . . . . Unidentified Prototypes . | . . . . . . Parts Lost 7 | . . . . . 7 Power 2 | . . . . . 2 Propulsion 2 | . . . . . 2 Utility 1 | . . . . . 1 Weapon 2 | . . . . . 2 Highest Loss Streak 7 | . . . . . 7 To Critical Strikes . | . . . . . . Average Backups 6 | 2 6 6 6 7 6 Power . | . 1 1 1 1 . Propulsion 1 | 1 1 1 1 1 . Utility . | . . 1 1 1 . Weapon 2 | . 2 2 2 3 3 Tool/Special . | . . . . . . Unused Backups 5 | . 3 . . . 2 Power . | . . . . . . Propulsion 1 | . 1 . . . . Utility 1 | . 1 . . . . Weapon 2 | . 1 . . . 1 Tool/Special 1 | . . . . . 1 Average Slot Usage (%) 93 | . 98 100 100 100 61 Engine 2 | . 6 . . . 5 Core 11 | . 7 14 14 14 6 Treads 26 | . 28 28 28 28 15 Storage 13 | . 14 14 14 14 9 Processor 12 | . 10 14 14 14 8 Energy Cannon 2 | . . . . . 14 Ballistic Gun 15 | . 27 14 14 14 . Launcher 8 | . . 13 14 14 . Peak Build Rating 24 | 6 11 10 11 11 24 Average Rating 10 | 4 8 10 10 11 17 On Entrance 8 | . 6 10 10 11 11 Avg Prop Armor Cover (%) . | . . . . . . Naked Turns . | . . . . . . Heaviest Build 48 | 13 28 30 30 30 48 Greatest Support 40 | 40 40 40 40 40 40 Greatest Overweight (x) 2 | . . . . . 2 Average Overweight (x) . | . . . . . . Largest Inventory Capacity 15 | 8 15 15 15 15 15 Average Capacity 13 | 6 10 15 15 15 15 Most Carried 8 | 4 8 6 7 7 8 Average Carried 6 | 2 6 6 6 7 6 Final Capacity 15 | 8 15 15 15 15 15 Final Carried 7 | 4 6 6 7 7 4 Class Distribution -------------------- 100% | Mutant Dominant Class ---------------- Mutant | -10/Materials Mutant | -10/Mines Mutant | -10/Exiles Mutant | -9/Mines Mutant | -8/Materials Resources | -11 -10 -10 -10 -9 -8 ----------- Run | Yrd Mat Min Exi Min Mat Matter Collected 363 | 243 115 5 . . . Remotely . | . . . . . . Salvage Created 776 | . 304 27 . . 445 Parts 41 | . 18 4 . . 19 Haulers Intercepted . | . . . . . . Recyclers Shooed 1 | . . . . . 1 Parts Field Recycled . | . . . . . . Retrieved Matter . | . . . . . . Parts Self-Destructed . | . . . . . . Prevented . | . . . . . . Parts Restored . | . . . . . . Kills | -11 -10 -10 -10 -9 -8 ------- Run | Yrd Mat Min Exi Min Mat Combat Hostiles Destroyed 14 | . 6 3 . . 5 Guns 7 | . 6 1 . . . Cannons 2 | . . . . . 2 AOE 4 | . . 2 . . 2 Classes Destroyed 7 | . 3 1 . . 3 Worker 2 | . 1 . . . 1 Builder 3 | . 1 . . . 2 Mechanic 1 | . . . . . 1 Operator 1 | . . . . . 1 Watcher 1 | . . . . . 1 Swarmer 3 | . . 3 . . . Grunt 11 | . 6 . . . 5 Best Kill Streak 7 | . 3 3 . . 7 Combat Bots Only 3 | . 2 3 . . 3 Max Kills in Single Turn 3 | . 2 3 . . 3 Gunslinging . | . . . . . . Exploded 2 | . . 2 . . 1 Melee . | . . . . . . Uniques/NPCs Destroyed . | . . . . . . Combat | -11 -10 -10 -10 -9 -8 -------- Run | Yrd Mat Min Exi Min Mat Hostile Shots Fired 125 | . 41 8 . . 76 Missed 37 | . 16 4 . . 17 Hits 88 | . 25 4 . . 59 Projectile 88 | . 25 4 . . 59 Critical Strikes 5 | . . . . . 5 Damage Taken 1333 | . 321 31 . . 981 Core 270 | . 53 8 . . 209 Absorbed by Shields . | . . . . . . Core Remaining (%) 87 | 100 . . . 75 . Volleys Fired 43 | . 25 1 . . 17 Largest 2 | . 2 2 . . 2 Hottest 134 | . 40 50 . . 134 Shots Fired 82 | . 50 2 . . 30 Gun 53 | . 50 1 . . 2 Cannon 25 | . . . . . 25 Launcher 4 | . . 1 . . 3 Special . | . . . . . . Kinetic 51 | . 50 1 . . . Thermal 24 | . . . . . 24 Explosive 4 | . . 1 . . 3 Electromagnetic 3 | . . . . . 3 Robot Hit Streak 9 | . 9 5 . . 6 Robot Miss Streak 7 | . 7 . . . 2 Penetration Max . | . . . . . . Secondary Targets . | . . . . . . Shots Hit Robots 45 | . 28 1 . . 16 Core Hits 38 | . 18 2 . . 18 Critical Kills . | . . . . . . Critical Parts Destroyed 1 | . 1 . . . . Critical Strikes 1 | . 1 . . . . Destroy 1 | . 1 . . . . Melee Attacks . | . . . . . . Impact . | . . . . . . Slashing . | . . . . . . Piercing . | . . . . . . Sneak Attacks . | . . . . . . Combat Hostiles . | . . . . . . Follow-up Attacks . | . . . . . . Damage Inflicted 1860 | . 354 101 . . 1405 Guns 385 | . 354 13 . . 18 Cannons 303 | . . . . . 303 Explosions 1172 | . . 88 . . 1084 Melee . | . . . . . . Ramming . | . . . . . . Kinetic 367 | . 354 13 . . . Thermal 316 | . . . . . 316 Explosive 366 | . . 88 . . 278 Electromagnetic 811 | . . . . . 811 Impact . | . . . . . . Slashing . | . . . . . . Piercing . | . . . . . . Highest Corruption 7 | . . . . . 7 Average Corruption 5 | . . . . . 5 Corruption Purged . | . . . . . . Corruption Blocked . | . . . . . . Effects 5 | . . . . . 5 Message Errors 3 | . . . . . 3 Matter Fused 1 | . . . . . 1 Alerts 1 | . . . . . 1 Overload Shots . | . . . . . . Overflow Damage 115 | . . 23 . . 92 Projectiles 21 | . . . . . 21 Explosions 94 | . . 23 . . 71 Melee . | . . . . . . Knockbacks . | . . . . . . Impact . | . . . . . . Kinetic . | . . . . . . Secondary . | . . . . . . Self-Inflicted Damage 71 | . . . . . 71 Shots 3 | . . . . . 3 Rammed . | . . . . . . Targets Rammed . | . . . . . . Kicked . | . . . . . . Crushed . | . . . . . . Highest Temperature 308 | . 21 . . . 308 Average Temperature 85 | . 7 . . . 123 Received Heat Transfer 804 | . 183 . . . 621 Siege Activations . | . . . . . . Martial Activations . | . . . . . . Shielding Activations . | . . . . . . Robots Disrupted 1 | . . . . . 1 Combat Hostiles . | . . . . . . Robots Corrupted 1 | . . . . . 1 Combat Hostiles 1 | . . . . . 1 Parts Fried 3 | . . . . . 3 Impact Corruptions . | . . . . . . Robots Melted . | . . . . . . Combat Hostiles . | . . . . . . Parts Melted . | . . . . . . Heat Transferred 444 | . . . . . 444 Parts Sabotaged . | . . . . . . Parts Stolen . | . . . . . . Parts Stripped . | . . . . . . Power Chain Reactions . | . . . . . . Latent Energy Used 418 | . . . . . 418 LE Corruption 7 | . . . . . 7 Alert | -11 -10 -10 -10 -9 -8 ------- Run | Yrd Mat Min Exi Min Mat Maximum Alert Level 1 | . . . . . 1 Low Security (%) 89 | 100 100 100 . 100 40 Level 1 10 | . . . . . 59 Level 2 . | . . . . . . Level 3 . | . . . . . . Level 4 . | . . . . . . Level 5 . | . . . . . . High Security . | . . . . . . Max Security . | . . . . . . Peak Influence 258 | . 82 113 . . 258 Initial 21 | . . 21 . . . Average 48 | . 30 57 . . 148 Influence Increases 615 | . 184 92 . . 339 Destroy 0b10 Robot/C 280 | . 120 60 . . 100 Destroy 0b10 Robot/NC 40 | . 10 . . . 30 Destroy Leader 62 | . 30 10 . . 22 Successful Hack 9 | . 9 . . . . Disable Machine 90 | . . 15 . . 75 Destroy Structure 74 | . . 7 . . 67 Lose Combat Pursuer 60 | . 15 . . . 45 Influence Decreases 433 | . 129 144 3 . 157 Entered New Map 37 | . . 34 3 . . Time Decay 326 | . 129 110 . . 87 Lost Part 70 | . . . . . 70 Squads Dispatched 3 | . . . . . 3 Investigation . | . . . . . . Extermination . | . . . . . . Reinforcement 1 | . . . . . 1 Assault . | . . . . . . Garrison 2 | . . . . . 2 Intercept . | . . . . . . Searches Triggered . | . . . . . . Construction Impeded 1 | . . . . . 1 Haulers Reinforced . | . . . . . . Active Scanning Responses . | . . . . . . Cargo Convoy Interrupts . | . . . . . . Stealth | -11 -10 -10 -10 -9 -8 --------- Run | Yrd Mat Min Exi Min Mat Distress Signals 2 | . 1 . . . 1 Communications Jammed . | . . . . . . Distress Signals . | . . . . . . Times Spotted 26 | . 10 3 . . 13 Peak Tracking Total 5 | . 3 3 . . 5 Tactical Retreats 3 | . 1 . . . 2 Traps | -11 -10 -10 -10 -9 -8 ------- Run | Yrd Mat Min Exi Min Mat Traps Triggered . | . . . . . . Indirectly . | . . . . . . Trap Hack Attempts . | . . . . . . Triggered . | . . . . . . Disarmed . | . . . . . . Reprogrammed . | . . . . . . Reused . | . . . . . . Traps Extracted . | . . . . . . Installed . | . . . . . . Triggered . | . . . . . . Machines | -11 -10 -10 -10 -9 -8 ---------- Run | Yrd Mat Min Exi Min Mat Machines Disabled 6 | . . 1 . . 5 Max in Single Turn 2 | . . 1 . . 2 Machines Repaired . | . . . . . . Machines Dismantled . | . . . . . . Machines Sabotaged . | . . . . . . Overloaded Fab Kills . | . . . . . . Hacking | -11 -10 -10 -10 -9 -8 --------- Run | Yrd Mat Min Exi Min Mat Machines Accessed 5 | . 4 . 1 . . Terminals 4 | . 4 . . . . Fabricators . | . . . . . . Repair Stations . | . . . . . . Recycling Units . | . . . . . . Scanalyzers . | . . . . . . Garrison Access . | . . . . . . Total Hacks 12 | . 11 . 1 . . Successful 5 | . 4 . 1 . . Failed 7 | . 7 . . . . Catastrophic 2 | . 2 . . . . Database Lockouts . | . . . . . . Manual 7 | . 6 . 1 . . Terminals 11 | . 11 . . . . Fabricators . | . . . . . . Repair Stations . | . . . . . . Recycling Units . | . . . . . . Scanalyzers . | . . . . . . Garrison Access . | . . . . . . Terminal Hacks 5 | . 4 . 1 . . Record 1 | . 1 . . . . Robot Schematic 1 | . 1 . . . . Branch Access Points 1 | . 1 . . . . Locate Traps 1 | . 1 . . . . Proto ID Catalog 1 | . . . 1 . . Fabricator Hacks . | . . . . . . Repair Station Hacks . | . . . . . . Recycling Unit Hacks . | . . . . . . Scanalyzer . | . . . . . . Garrison Access Hacks . | . . . . . . Unauthorized Hacks . | . . . . . . Terminals . | . . . . . . Fabricators . | . . . . . . Repair Stations . | . . . . . . Recycling Units . | . . . . . . Scanalyzers . | . . . . . . Garrison Access . | . . . . . . Data Cores Recovered . | . . . . . . Used . | . . . . . . Hacking Detections 4 | . 4 . . . . Full Trace Events . | . . . . . . Feedback Events . | . . . . . . Feedback Blocked . | . . . . . . Robot Schematics Acquired 1 | . 1 . . . . Robots Built . | . . . . . . Authchips . | . . . . . . Time . | . . . . . . Total Robot Build Rating . | . . . . . . Part Schematics Acquired . | . . . . . . Parts Built . | . . . . . . Authchips . | . . . . . . Time . | . . . . . . Total Part Build Rating . | . . . . . . Part Studies Acquired . | . . . . . . Parts Repaired . | . . . . . . Time . | . . . . . . Parts Recycled . | . . . . . . Recycled Matter . | . . . . . . Retrieved Matter . | . . . . . . Retrieved Components . | . . . . . . Parts Scanalyzed . | . . . . . . Part Schematics Acquired . | . . . . . . Parts Damaged . | . . . . . . Bothacking | -11 -10 -10 -10 -9 -8 ------------ Run | Yrd Mat Min Exi Min Mat Used RIF Installer . | . . . . . . Robots Hacked . | . . . . . . Non-combat . | . . . . . . Combat . | . . . . . . Robot Hacks Applied . | . . . . . . Relay Couplers Released . | . . . . . . Fabnet Peak Effective % . | . . . . . . Robots Rewired . | . . . . . . Allies Hacked . | . . . . . . Hacks Repelled . | . . . . . . Allies | -11 -10 -10 -10 -9 -8 -------- Run | Yrd Mat Min Exi Min Mat Total Allies . | . . . . . . Largest Group . | . . . . . . Highest-Rated Group . | . . . . . . Highest-Rated Ally . | . . . . . . Total Orders . | . . . . . . Ally Attacks . | . . . . . . Total Damage . | . . . . . . Kills . | . . . . . . Allies Corrupted . | . . . . . . Allies Melted . | . . . . . . Intel | -11 -10 -10 -10 -9 -8 ------- Run | Yrd Mat Min Exi Min Mat Active Infowar (turns) 58 | . 58 . . . . Seismic 58 | . 58 . . . . Robot Analysis Total . | . . . . . . Derelict Logs Recovered . | . . . . . . Drone Launches . | . . . . . . Drone Recoveries . | . . . . . . Exploration | -11 -10 -10 -10 -9 -8 ------------- Run | Yrd Mat Min Exi Min Mat Turns Passed 1572 | 70 442 227 358 255 220 Spaces Moved 818 | 38 205 140 223 151 61 Core 2 | 2 . . . . . Treads 811 | 36 205 140 223 151 56 Legs . | . . . . . . Wheels 5 | . . . . . 5 Hover . | . . . . . . Flight . | . . . . . . Fastest Speed 50 | 50 160 160 160 160 115 Average Speed 164 | 154 160 160 160 160 223 Slowest Speed 240 | 160 160 160 160 160 240 Overloaded Moves . | . . . . . . Propulsion Burnouts . | . . . . . . Robots Hopped . | . . . . . . Potential Cave-ins . | . . . . . . Cave-ins Triggered . | . . . . . . Exploration Rate (%) 27 | 4 41 18 63 32 7 Regions Visited 5 Branch Regions 3 Pre-discovered Areas . | . . . . . . Known Exits Taken 1 | . 1 . . . . Unknown Exits Taken 4 | 1 . 1 1 1 . Scrap Searched . | . . . . . . Spaces Dug . | . . . . . . Terrain Destroyed 92 | . . 7 . . 85 Melee . | . . . . . . Projectile 9 | . . . . . 9 AOE 83 | . . 7 . . 76 Terrain Rammed . | . . . . . . Walls Destroyed . | . . . . . . Machines Disabled . | . . . . . . Actions | -11 -10 -10 -10 -9 -8 --------- Run | Yrd Mat Min Exi Min Mat Total 961 | 47 273 141 224 165 111 Wait 56 | . 26 . 1 15 14 Move 813 | 37 204 139 222 150 61 Hop . | . . . . . . Pick Up 13 | 4 6 . 1 . 2 Fast Attach 9 | 6 1 . . . 2 Attach 5 | . 1 . . . 4 Detach 2 | . 1 . . . 1 Swap 14 | . 6 1 . . 7 Drop 6 | . 3 . . . 3 Fire 43 | . 25 1 . . 17 Melee . | . . . . . . Ram . | . . . . . . Kick . | . . . . . . Crush . | . . . . . . Escape Stasis . | . . . . . . Rewire . | . . . . . . Trap . | . . . . . . Miscellaneous . | . . . . . . Route ------- -11/Scrapyard -10/Materials (discovered 2 exits: *Min x2) -10/Mines (discovered 2 exits: [*Mat] / *Exi) -10/Exiles (discovered 2 exits: [*Min x2]) -9/Mines -8/Materials History --------- Turn | Location | Event 12 | -11/Scrapyard | Discovered new exit (range 15) 71 | -11/Scrapyard | Entered Materials 329 | -10/Materials | Build established: Mutant 476 | -10/Materials | Discovered new exit (range 14) 490 | -10/Materials | Identified exit to Mines 513 | -10/Materials | Entered Mines 566 | -10/Mines | Discovered new exit (range 15) 729 | -10/Mines | Deemed a non-threat by the Exiles lab entrance 731 | -10/Mines | Discovered new exit (range 5) 740 | -10/Mines | Entered Exiles 764 | -10/Exiles | Discovered new exit (range 15) 792 | -10/Exiles | Met 8R-AWN 819 | -10/Exiles | Met EX-HEX 867 | -10/Exiles | Met EX-BIN 886 | -10/Exiles | Aligned with FarCom system 888 | -10/Exiles | Given EX-Vault access code 924 | -10/Exiles | Opened EX-Vault 934 | -10/Exiles | Found Latent Energy Streamer 965 | -10/Exiles | Warned to stay clear of 0b10 Research branches 1012 | -10/Exiles | Met EX-DEC 1073 | -10/Exiles | Discovered new exit (range 11) 1098 | -10/Exiles | Left Exiles lab with Latent Energy Streamer 1098 | -10/Exiles | Entered Mines 1333 | -9/Mines | Discovered new exit (range 10) 1353 | -9/Mines | Entered Materials 1353 | -8/Materials | Evolved 4 slots: Power x1, Utility x3 1430 | -8/Materials | Garrison activated, responded to threat 1573 | -8/Materials | Self-destructed Last Messages --------------- 01531_ U-05 Engineer lays Concrete. 01537_ Destroyed Lgt. Nuclear Core. 01538_ T=4&TU7&BNU=9>7AY6DK#G1K9J7 01538_ Ion Engine destroyed. 01540_ Lgt. Treads destroyed. 01542_ Critical hit (Burn: +37). 01544_ Lgt. Treads destroyed. 01544_ G-47 Trooper destroyed. 01544_ M-13 Machinist destroyed. 01546_ Imp. Targeting Computer destroyed. 01546_ Critical hit (Burn: +37). 01548_ U-05 Engineer lays Concrete. 01548_ Grenade Launcher destroyed. 01548_ Destroyed Grenade Launcher. 01549_ The unstable cave ceiling collapses. 01549_ U-05 Engineer lays Concrete. 01559_ Acquired Hvy. Laser. 01564_ Critical hit (Burn: +37). 01569_ Hvy. Ion Cannon destroyed. 01569_ Critical hit (Burn: +37). Map ----- +----------------------------------------------------+ | ??????????????????????????? ??????????????????? | | ??????????????????????????? ??????????????????? | | ??????????????????????????? #??????????????????? | | ??????????????????????????? #??????????????????? | | ????????????????????#####?# #??????????????????? | | ??????????????????### ## = #??????????????????? | | ???????????????####"""""""# %!#??????????????????? | | ???????????????# "# [ #??????????????????? | | ???????????????#! == "# #??????????????????? | | ???????????????# == "# #??????????????????? | | ???????? ??????# " g ##?????????????????? | | ??????? ????s# "g "#?????????????????? | | ??????? ? / "l "#?????????????????? | | ?????? s # " "#?????????????????? | | ?????? *% " "" "#?????????????????? | | ?????? %%%%= ######"" """ "#?????????????????? | | ????? %%%% ### #### "#?????????????????? | | ????? %%%% # # #??????????????????? | | ????" # ; #??????????????????? | | ??? % r ; #??????????????????? | | ??? $% % % % ######??????????????????? | | ????????""T ;;;;; ggg# #???????????????????????? | | ????????##### %[ ###??????????????????????? | | ????????????# ! g!#??????????????????????? | | ????????????###### !!#??????????????????????? | | ??????????? = # [ [@#??????????????????????? | | ???????????"""" ??#[[ ][#??????????????????????? | | ????????????"?????# #??????????????????????? | | ??????????????????##### #??????????????????????? | | ??????????????????????#####??????????????????????? | | ?????????????????????????????????????????????????? | | ?????????????????????????????????????????????????? | | ?????????????????????????????????????????????????? | | ?????????????????????????????????????????????????? | | ????????????Y????????????????????????????????????? | | ?????????????????????????????????????????????????? | | ?????????????????????????????????????????????????? | | ?????????????????????????????????????????????????? | | ?????????????????????????????????????????????????? | | ?????????????????????????????????????????????????? | | | | | | | | | | | | | | | | | | | | | +----------------------------------------------------+ Best States ------------- Heat Dissipation 31 Energy Generation 19 Energy Capacity 310 Matter Stores 283 Matter Capacity 300 Sight Range 16 Terrain Scan Density 10 Evasion (%) 40 Targeting Accuracy 6 Recoil Reduction 2 Item Schematics ----------------- None Robot Schematics ------------------ M-13 Machinist | -10/Materials | Hacked Fabricated ------------ Nothing Repaired ---------- Nothing Studied --------- None Alien Tech Used ----------------- None Achievements -------------- None Challenges ------------ None Game ------ Seed ColdReflectiveLauncher Manual? 0 Play Time 00:13:07 Cumulative 10.8 hours Start 2025.12.07 @ 13:56:04 End 2025.12.07 @ 14:08:24 Sessions 1 Manual Loads 0 Difficulty Rogue Special Mode None Game No. 13 Rogue 13 Adventurer 0 Explorer 0 Win Type - Total 0 Types 0/0/0/0/0/0/0/0/0/0 Lore% 2 Gallery% 15 Achievement% 17 Wizard Run 0 Options --------- Layout 1 ASCII 0 Keyboard 0 Movement Numpad Keybinds 0 Fullscreen 1 Font 32/SmallcapsGlow Map View 50x35 Zoom Use 0% Tactical HUD 1 Map Filters NONE Filters NONE Steam 1 RUN: d4b06310-06d0-4978-9d4f-747dc12c153d